 Dungeon Crawl Stone Soup version 0.14-a0-1097-gc7db7fc (webtiles) character file.

488 4tharraofdagon the Cleaver (level 6, -4/52 HPs)
             Began as a Hill Orc Berserker on Nov 27, 2013.
             Was a Believer of Trog.
             Slain by a wight
             ... wielding a cursed +1,+3 scimitar
              (10 damage)
             ... on Level 7 of the Dungeon.
             The game lasted 00:06:13 (1024 turns).

4tharraofdagon the Cleaver (Hill Orc Berserker)     Turns: 1024, Time: 00:06:14

HP  -4/52        AC  7     Str 22      XL: 6   Next: 92%
MP   5/5         EV 10     Int  7      God: Trog [**....]
Gold 71          SH  0     Dex 10      Spells:  0 memorised,  5 levels left

rFire  . . .     SeeInvis .     k - +0 orc hand axe
rCold  . . .     Clarity  .     l - +0 orc ring mail
rNeg   . . .     Conserve .     (no shield)
rPois  .         rCorr    .     d - +0 helmet
rElec  .         rRot     .     (no cloak)
SustAb . .       Spirit   .     (no gloves)
rMut   .         Warding  .     (no boots)
Saprov + . .     Stasis   .     (no amulet)
                                (no ring)
                                (no ring)

@: regenerating, confused, exhausted, mildly poisoned, slowed, drained, very
slow, quite resistant to hostile enchantments, extremely unstealthy
A: saprovore 1
a: Burn Spellbooks, Berserk, Trog's Hand, Renounce Religion, Convert to Beogh


You were on level 7 of the Dungeon.
You worshipped Trog.
Trog was pleased with you.
You were not hungry.

You visited 2 branches of the dungeon, and saw 8 of its levels.

You collected 71 gold pieces.

Inventory:

Hand weapons
 a - a +0,+0 orcish hand axe
 k - a +0,+0 orcish hand axe (weapon)
Missiles
 e - 2 javelins of penetration (quivered)
 n - 8 javelins
Armour
 b - a +0 animal skin
 d - a +0 helmet (worn)
 l - a +0 orcish ring mail (worn)
Comestibles
 h - a bread ration
Scrolls
 c - a scroll of remove curse
 g - a scroll of random uselessness
 o - 2 scrolls of identify
Jewellery
 f - an uncursed ring of teleportation
Potions
 i - 2 potions of flight
 j - a potion of curing


   Skills:
 - Level 3.6(3.1) Fighting
 * Level 8.4(7.9) Axes
 + Level 4.7(4.2) Armour
 - Level 1.5(1.1) Dodging


You had 5 spell levels left.
You didn't know any spells.

Dungeon Overview and Level Annotations

Branches:
Dungeon (7/16)             Temple (1/1) D:4

Altars:
the Shining One


Innate Abilities, Weirdness & Mutations

You can tolerate rotten meat.


Message History

The wight is heavily damaged.
The orc priest threatens, "By the altar or by the axe, you will meet Beogh!"
You hit the orc priest but do no damage.
The orc priest is moderately wounded.
The wight hits you with a scimitar!
* * * LOW HITPOINT WARNING * * *
You feel drained.
* * * LOW HITPOINT WARNING * * *
The orc priest hits you with an orcish mace.
* * * LOW HITPOINT WARNING * * *
The wight hits you but does no damage.
Unknown command.
Drink which item? (? for menu, Esc to quit)
You are confused.
It was a potion of confusion.
* * * LOW HITPOINT WARNING * * *
You feel sick. The wight misses you.
The orc priest hits you but does no damage.
The wight hits you with a runed scimitar!
You die...

###.# ########'###
#..?.......# #..........#
#..........# #..........#
#..<.......# #
#.....).zz.##############
#.....).@o.'...........).
#.....)....##############
#..........# #..........#
#..........# ############


You could see an orc priest and 2 wights.

Vanquished Creatures
  A necrophage (D:7)
  An ogre (D:5)
  A wight (D:7)
  A crimson imp (D:7)
  2 worker ants
  Terence (D:3)
  A worker ant zombie (D:5)
  2 adders
  An adder skeleton (D:5)
  A giant eyeball (D:6)
  A giant gecko (D:3)
  An ooze (D:3)
  11 orcs
  3 goblins
  5 hobgoblins
  2 jackals (D:4)
  A quokka (D:5)
  2 giant cockroaches
  A giant newt (D:3)
  5 kobolds
  5 rats
49 creatures vanquished.

Notes
Turn   | Place    | Note
--------------------------------------------------------------
     0 | D:1      | 4tharraofdagon, the Hill Orc Berserker, began the quest for the Orb.
     0 | D:1      | Reached XP level 1. HP: 19/19 MP: 0/0
    15 | D:1      | Ladykiller69: hm
    32 | D:1      | Ladykiller69: or HoFi and go beogh
    88 | D:3      | Ladykiller69: dunno how good beogh is
   108 | D:3      | Ladykiller69: for anything
   159 | D:3      | Reached XP level 2. HP: 26/26 MP: 1/1
   250 | D:3      | Reached skill level 5 in Axes
   250 | D:3      | Reached XP level 3. HP: 18/33 MP: 2/2
   253 | D:3      | Acquired Trog's second power
   320 | D:3      | Noticed Terence
   345 | D:3      | Found a glowing golden altar of the Shining One.
   443 | D:3      | Killed Terence
   500 | D:4      | Reached XP level 4. HP: 21/39 MP: 3/3
   515 | D:4      | Found a staircase to the Ecumenical Temple.
   547 | Temple   | Entered the Ecumenical Temple
   559 | D:5      | Entered Level 5 of the Dungeon
   584 | D:5      | Reached skill level 6 in Axes
   601 | D:5      | Noticed an ogre
   718 | D:5      | Killed an ogre
   718 | D:5      | Reached skill level 7 in Axes
   718 | D:5      | Reached XP level 5. HP: 28/46 MP: 4/4
   805 | D:6      | Paralysed by a giant eyeball for 2 turns
   818 | D:6      | Daniel: what happened to the Dg?
   835 | D:6      | Ladykiller69: splat
   837 | D:6      | 4tharraofdagon: annihilated
   845 | D:6      | Ladykiller69: 3 bolts in a row
   853 | D:6      | Daniel: elves?
   857 | D:6      | 4tharraofdagon: ya
   857 | D:6      | 4tharraofdagon: chain of 2lightning bolts and fire bolt
   868 | D:6      | Noticed an ice beast
   882 | D:6      | Noticed an ice beast
   883 | D:6      | Daniel: :/
   894 | D:7      | Noticed a necrophage
   914 | D:7      | Reached XP level 6. HP: 52/52 MP: 5/5
   917 | D:7      | Killed a necrophage
   917 | D:7      | Reached skill level 8 in Axes
   932 | D:7      | Noticed a sky beast
   980 | D:7      | Noticed an orc warrior
  1024 | D:7      | Slain by a wight

Action                   |  1- 3 |  4- 6 || total
-------------------------+-------+-------++-------
Melee: Hand axe          |   100 |    67 ||   167
Throw: Javelin           |     1 |       ||     1
Invok: Berserk           |     5 |     4 ||     9
       Trog's Hand       |     2 |     4 ||     6
  Use: Scroll            |     2 |     6 ||     8
       Potion            |       |     2 ||     2
